 Dungeon Crawl Stone Soup version 0.27-a0-1090-gb115f176c6 (webtiles) character file.

Game seed: 2274729972337435623

126 voltaire321 the Slasher (level 4, 0/34 HPs)
             Began as a Demonspawn Gladiator on Apr 27, 2021.
             Killed from afar by an orc wizard (2 damage)
             ... with a magic dart
             ... on level 3 of the Dungeon.
             The game lasted 00:07:00 (3441 turns).

voltaire321 the Slasher (Demonspawn Gladiator)      Turns: 3441, Time: 00:07:00

Health: 0/34       AC:  4    Str: 15    XL:     4   Next: 84%
Magic:  4/4        EV: 12    Int:  9    God:
Gold:   139        SH:  0    Dex: 15    Spells: 3/3 levels left

rFire    . . .     SeeInvis .   a - +0 long sword
rCold    . . .     Faith    .   (no shield)
rNeg     . . .     Spirit   .   b - +0 leather armour
rPois    .         Reflect  .   (helmet restricted)
rElec    .         Harm     .   c - +0 cloak
rCorr    .         Rampage  .   (no gloves)
Will     .....                  (no boots)
Stlth    +.........             (no amulet)
HPRegen  0.11/turn              (no ring)
MPRegen  0.09/turn              (no ring)

@: no status effects
A: antennae 1, condensation shield
a: no special abilities


You were on level 3 of the Dungeon.
You visited 1 branch of the dungeon, and saw 4 of its levels.

You collected 139 gold pieces.

Inventory:

Hand Weapons
 a - a +0 long sword (weapon)
Missiles
 d - 3 throwing nets (quivered)
 f - 5 datura-tipped darts
 g - 22 poisoned darts
 p - 7 boomerangs
Armour
 b - a +0 leather armour (worn)
 c - a +0 cloak (worn)
Jewellery
 l - a +4 ring of protection
Wands
 k - a wand of acid (5)
Scrolls
 h - 2 scrolls of identify {unknown}
 i - a scroll of teleportation {unknown}
 m - a scroll of amnesia {unknown}
 n - 2 scrolls of fear {unknown}
 q - a scroll of fog {unknown}
 r - a scroll of blinking {unknown}
Potions
 e - a potion of haste {unknown}
 j - 2 potions of curing {unknown}
 o - 2 potions of magic


   Skills:
 + Level 2.8 Fighting
 + Level 3.3 Long Blades
 + Level 2.5 Throwing
 + Level 1.5 Armour
 + Level 3.3 Dodging


You had 3 spell levels left.
You didn't know any spells.
Your spell library contained the following spells:

 Spells                   Type           Power      Damage    Failure   Level
 Magic Dart               Conj           0%         1d3       45%         1
 Blink                    Tloc           N/A        N/A       58%         2
 Call Imp                 Summ           0%         N/A       58%         2
 Slow                     Hex            0%         N/A       58%         2
 Conjure Flame            Conj/Fire      0%         6-21      83%         3
 Mephitic Cloud           Conj/Pois/Air  0%         N/A       83%         3


Dungeon Overview and Level Annotations

Branches:
Dungeon (4/15)
 Temple: D:4-7

Altars:
Yredelemnul


Innate Abilities, Weirdness & Mutations

You have a pair of small antennae on your head.
A meltable shield of frost defends you. (SH +0)


Message History

The orc wizard hits you but does no damage.
The orc moves out of view.
An orc wizard comes into view. It is wielding a +0 dagger.
You miss the orc wizard.
The orc wizard is moderately wounded.
The orc wizard misses you.
The orc wizard shouts!
The orc shouts!
You hit the orc wizard but do no damage.
The orc wizard is moderately wounded.
The orc wizard hits you with a +0 dagger.
The orc wizard casts a spell at you. The puff of flame hits you.
Your condensation shield dissipates!
* * * LOW HITPOINT WARNING * * *
An orc comes into view. It is wielding a +0 short sword.
There is a stone staircase leading up here.
The orc wizard hits you but does no damage.
You climb upwards.
There is a stone staircase leading down here.
You hit the orc wizard but do no damage.
The orc wizard is moderately wounded.
The orc wizard hits you with a +0 dagger.
* * * LOW HITPOINT WARNING * * *
Okay, then.
You barely miss the orc wizard.
The orc wizard is moderately wounded.
The orc wizard closely misses you.
You closely miss the orc wizard.
The orc wizard is moderately wounded.
The orc wizard hits you but does no damage.
The orc wizard hits you with a +0 dagger.
* * * LOW HITPOINT WARNING * * *
You hit the orc wizard but do no damage.
The orc wizard is moderately wounded.
The orc wizard hits you with a +0 dagger.
* * * LOW HITPOINT WARNING * * *
It was a potion of magic.
Magic courses through your body. The orc wizard casts a spell at you.
The magic dart hits you.
You die...

##.########.# #.# #.#
#.##### #.# ##########
#.....#
#.#######.........
#####.#
#................[ #.#
#.###.#.#.#....###
#.####.# #.#.#.#.##.###
#......###.#.#.#.##....
#.....@o...............
#......###.#[#+#.######
#......# #.#.....#.....
#.###### #.#<...##.....
#.########.#....##.....
#..........#.#####.....
############.# #.....
#..........# ###†#+
#.#######..# #...


You could see an orc wizard.

Vanquished Creatures
  A bullfrog zombie (D:3)
  An adder (D:2)
  A dart slug (D:1)
  7 orcs (D:3)
  7 ball pythons
  9 bats
  7 endoplasms
  2 giant cockroaches
  4 goblins
  7 hobgoblins
  5 kobolds
  7 quokkas
  7 rats
65 creatures vanquished.

Notes
Turn   | Place    | Note
-------+----------+-------------------------------------------
     0 | D:1      | voltaire321 the Demonspawn Gladiator began the quest for
                  | the Orb.
     0 | D:1      | Reached XP level 1. HP: 16/16 MP: 1/1
   506 | D:1      | Found a faded altar of an unknown god.
   681 | D:1      | Gained mutation: A meltable shield of frost defends you.
                  | (SH +0) [demonic ancestry]
   681 | D:1      | Reached XP level 2. HP: 19/22 MP: 2/2
  1459 | D:2      | Gained mutation: You have a pair of small antennae on your
                  | head. [demonic ancestry]
  1459 | D:2      | Reached XP level 3. HP: 27/28 MP: 3/3
  1632 | D:2      | Reached skill level 1 in Armour
  2292 | D:3      | Found a basalt altar of Yredelemnul.
  2414 | D:3      | Reached XP level 4. HP: 26/34 MP: 4/4
  3441 | D:3      | Killed from afar by an orc wizard

Illustrated notes

Levels and vault maps discovered:
D:1:      enne_arrival_octagon_isle, layout_loops_corners,
          basic_ecumenical_altar, minmay_misc_feat_tiny
D:2:      layout_basic, chequers_serial_rivers_micro_e
D:3:      layout_basic, nicolae_overflow_hidden_temple
D:4:      layout_layer_cave, eat_drink_and_be_merry_uskayaw

Skill      XL: |  1  2  3 |
---------------+----------+-----
Throwing       | 2 |  2.5
Long Blades    | 3 |  3.3
Armour         | 1 |  1.5
Dodging        | 3 |  3.3
Fighting       | |  2.8

Action                   |  1- 3 |  4- 6 || total
-------------------------+-------+-------++-------
Melee: Long sword        |   112 |    57 ||   169
  Use: Potion            |       |     1 ||     1
 Stab: Sleeping          |     3 |       ||     3
Armor: Leather armour    |    31 |    12 ||    43
Dodge: Dodged            |    88 |    23 ||   111
Block: Other             |    19 |    12 ||    31
       Rpst.: Long sword |    30 |     8 ||    38

Table legend: (Time is in decaauts)
 A = Elapsed time spent in this place.
 B = Non-inter-level travel time spent in this place.
 C = Inter-level travel time spent in this place.
 D = Time resting spent in this place.
 E = Time spent auto-exploring this place.
 F = Levels seen in this place.
 G = Mean time per level.
                   A        B        C        D        E       F      G
               +--------+--------+--------+--------+--------+-----+--------+
         Total |   3483 |   3438 |     45 |    515 |   2382 |   4 |  870.8 |
       Dungeon |   3483 |   3438 |     45 |    515 |   2382 |   4 |  870.8 |
               +--------+--------+--------+--------+--------+-----+--------+

Top non-repeatable levels by time:
     D:1: 1389 daAuts
     D:3: 1226 daAuts
     D:2: 828 daAuts
     D:4: 38 daAuts
